 Dungeon Crawl Stone Soup version 0.27.1-33-g824d729ab1 (webtiles) character file.

Game seed: 17988709052360425572

245 dohliylev the Chopper (level 5, 0/47 HPs)
             Began as a Minotaur Fighter on Dec 27, 2021.
             Was an Initiate of Makhleb.
             Slain by Blork the orc (7 damage)
             ... on level 4 of the Dungeon.
             The game lasted 00:04:50 (2401 turns).

dohliylev the Chopper (Minotaur Fighter)            Turns: 2401, Time: 00:04:50

Health: 0/47       AC:  7    Str: 22    XL:     5   Next: 84%
Magic:  4/4        EV:  8    Int:  5    God:    Makhleb [......]
Gold:   147        SH:  9    Dex:  9    Spells: 4/4 levels left

rFire    . . .     SeeInvis .   a - +0 war axe
rCold    . . .     Faith    .   c - +0 kite shield
rNeg     . . .     Spirit   .   b - +0 scale mail
rPois    .         Reflect  .   (helmet restricted)
rElec    .         Harm     .   (no cloak)
rCorr    .         Rampage  .   (no gloves)
Will     .....                  (no boots)
Stlth    ..........             (no amulet)
HPRegen  0.15/turn              (no ring)
MPRegen  0.09/turn              (no ring)

@: no status effects
A: horns 2, retaliatory headbutt
a: Renounce Religion


You were on level 4 of the Dungeon.
You worshipped Makhleb.
Makhleb was noncommittal.
You visited 1 branch of the dungeon, and saw 4 of its levels.

You collected 147 gold pieces.

Inventory:

Hand Weapons
 a - a +0 war axe (weapon)
Armour
 b - a +0 scale mail (worn)
 c - a +0 kite shield (worn)
Wands
 i - a wand of paralysis (6)
Scrolls
 g - a scroll of brand weapon {unknown}
 h - 2 scrolls of torment {unknown}
 j - 4 scrolls of identify {unknown}
 m - a scroll of enchant weapon {unknown}
 o - 2 scrolls of enchant armour {unknown}
Potions
 d - a potion of might
 e - 2 potions of lignification {unknown}
 f - 3 potions of mutation {unknown}
 k - a potion of cancellation {unknown}
 l - a potion of magic {unknown}
 n - 2 potions of curing {unknown}


   Skills:
 + Level 4.4 Fighting
 + Level 5.1 Axes
 + Level 4.9 Armour
 + Level 1.2 Dodging
 + Level 4.7 Shields


You had 4 spell levels left.
You didn't know any spells.
Your spell library was empty.

Dungeon Overview and Level Annotations

Branches:
Dungeon (4/15)
 Temple: D:4-7

Altars:
Makhleb

Annotations:
D:4 Blork the orc


Innate Abilities, Weirdness & Mutations

You have a pair of horns on your head.
You reflexively headbutt those who attack you in melee.


Message History

What level of the Dungeon? (default 1, ? - help)
You climb downwards.
There is a stone staircase leading up here.
There is a stone staircase leading down here.
You climb downwards.
There is a stone staircase leading up here.
There is a stone staircase leading down here.
You climb downwards.
There is a stone staircase leading up here.
Found 9 stones.
You now have 147 gold pieces (gained 10).
Found an escape hatch in the floor.
o - 2 scrolls labelled KOSOUK VO GAO (gained 1) Blork the orc comes into view.
He is wielding a +0 flail.
Blork the orc shouts!
Blork the orc points at you and mumbles some strange words.
The puff of flame hits you!
Blork the orc screams, "You are the ugliest creature I've ever seen!"
Blork the orc gestures at you while chanting.
The puff of flame hits you!
Blork the orc points at you and mumbles some strange words.
The magic dart hits you. Blork the orc hits you with a +0 flail.
You closely miss Blork the orc.
Blork the orc hits you with a +0 flail. x2
* * * LOW HITPOINT WARNING * * *
You slash Blork the orc! Your headbutt misses Blork the orc.
Blork the orc is moderately wounded.
Blork the orc screams, "Die!"
Blork the orc drinks a potion.
Blork the orc seems to speed up.
You barely miss Blork the orc.
Blork the orc is moderately wounded.
Blork the orc points at you and mumbles some strange words.
The puff of frost hits you!
* * * LOW HITPOINT WARNING * * *
Blork the orc screams, "I'll make a cloak from your skin!"
You block Blork the orc's attack. x2
You hit Blork the orc.
Blork the orc is heavily wounded.
You block Blork the orc's attack. Blork the orc hits you with a +0 flail!
You die...

........##..#.##..#
#..(#....#....#..#
#..##...........#
#......>.......##
#........##...##
##..#..######.# #
##.##. #.## .# # ##
#..###..# ##..@o.#
#####...... #....
###


You could see Blork the orc (fast).

Vanquished Creatures
  A scorpion (D:4)
  An orc priest (D:3)
  Jessica (D:2)
  An orc wizard (D:3)
  Robin (D:3)
  An adder (D:2)
  A gnoll (D:1)
  2 worms (D:2)
  2 dart slugs (D:1)
  2 orcs (D:3)
  5 ball pythons
  6 endoplasms
  8 goblins
  11 hobgoblins
  3 jackals (D:1)
  A quokka (D:4)
  7 bats
  3 frilled lizards
  2 kobolds
  10 rats
69 creatures vanquished.

Notes
Turn   | Place    | Note
-------+----------+-------------------------------------------
     0 | D:1      | dohliylev the Minotaur Fighter began the quest for the Orb.
     0 | D:1      | Reached XP level 1. HP: 19/19 MP: 0/0
   135 | D:1      | Reached XP level 2. HP: 22/27 MP: 1/1
   442 | D:1      | Reached skill level 3 in Axes
   442 | D:1      | Reached XP level 3. HP: 33/33 MP: 2/2
   545 | D:1      | Found a faded altar of an unknown god.
   781 | D:2      | Noticed Jessica
  1015 | D:2      | Killed Jessica
  1016 | D:2      | Reached XP level 4. HP: 33/40 MP: 3/3
  1117 | D:2      | Reached skill level 4 in Axes
  1417 | D:3      | Identified the +0 helmet "Jibog" {-Tele rPois MP+9 Stlth+}
  1417 | D:3      | Noticed Robin
  1431 | D:3      | Killed Robin
  1671 | D:3      | Reached skill level 1 in Dodging
  1671 | D:3      | Reached XP level 5. HP: 19/46 MP: 4/4
  1676 | D:3      | HP: 2/41 [something (1)]
  2066 | D:3      | Found a burning altar of Makhleb.
  2237 | D:3      | Became a worshipper of Makhleb the Destroyer
  2269 | D:4      | Reached skill level 5 in Axes
  2392 | D:4      | Noticed Blork the orc
  2401 | D:4      | Slain by Blork the orc

Illustrated notes

Levels and vault maps discovered:
D:1:      dpeg_arrival_rhombi, layout_basic, serial_curves, eino_curves_02,
          eino_curves_02, basic_ecumenical_altar, minmay_unequal
D:2:      layout_loops_ring, grunt_decor_cap, minmay_heptomino_l4, uniq_jessica
D:3:      layout_rooms, mainiacjoe_overflow_surrounded_room,
          serial_corexii_hall, chequers_hall_statues_wall_a,
          corexii_hall_statues_l, uniq_robin
D:4:      layout_cave_pools, nemelex_spade_bored_becter, dk_vineyard_3,
          hangedman_decor_push, uniq_blork_the_orc

Skill      XL: |  1  2  3  4  5 |
---------------+----------------+-----
Armour         | 4 |  4.9
Fighting       | 4 |  4.4
Axes           | 3 4 5 |  5.1
Shields        | 4 |  4.7
Dodging        | 1 |  1.2

Action                   |  1- 3 |  4- 6 || total
-------------------------+-------+-------++-------
Melee: War axe           |    70 |    54 ||   124
       Headbutt          |    12 |     8 ||    20
Armor: Scale mail        |    33 |    37 ||    70
Dodge: Dodged            |    21 |    21 ||    42
Block: Kite shield       |    49 |    46 ||    95
